 Dungeon Crawl Stone Soup version 0.26.0-10-g1f06aea511 (webtiles) character file.

Game seed: 15135088266106294834

814 vvl the Chopper (level 7, -2/64 HPs)
             Began as a Deep Dwarf Fighter on Jan 13, 2021.
             Was an Initiate of the Shining One.
             Slain by Menkaure (17 damage)
             ... on level 5 of the Dungeon.
             The game lasted 00:17:52 (2819 turns).

vvl the Chopper (Deep Dwarf Fighter)                Turns: 2819, Time: 00:17:52

Health: -2/64      AC:  8    Str: 21    XL:     7   Next: 62%
Magic:  7/7        EV:  7    Int:  9    God:    the Shining One [......]
Gold:   188        SH: 10    Dex: 12    Spells: 6/6 levels left

rFire    . . .     SeeInvis .   a - +0 war axe
rCold    . . .     Faith    .   c - +0 kite shield
rNeg     . . .     Spirit   .   b - +0 scale mail
rPois    .         Reflect  .   v - +0 helmet
rElec    .         Harm     .   (no cloak)
rCorr    .         Rampage  .   (no gloves)
Will     +....                  (no boots)
Stlth    ..........             (no amulet)
HPRegen  0.00/turn              (no ring)
MPRegen  0.10/turn              (no ring)

@: non-regenerating, glowing
A: damage resistance, heal wounds, sense surroundings 1, no regeneration
a: Heal Wounds, Renounce Religion


You were on level 5 of the Dungeon.
You worshipped the Shining One.
The Shining One was noncommittal.
You visited 2 branches of the dungeon, and saw 6 of its levels.

You collected 188 gold pieces.

Inventory:

Hand Weapons
 a - a +0 war axe (weapon)
Armour
 b - a +0 scale mail (worn)
 c - a +0 kite shield (worn)
 v - a +0 helmet (worn)
Wands
 s - a wand of acid (5)
 u - a wand of enslavement (15)
Scrolls
 e - a scroll of fog {unknown}
 f - 3 scrolls of blinking
 g - 4 scrolls of teleportation {unknown}
 o - 2 scrolls of enchant armour {unknown}
 r - a scroll of remove curse {unknown}
Potions
 d - a potion of might
 h - a potion of cancellation
 i - a potion of ambrosia {unknown}
 j - 2 potions of flight
 k - 2 potions of mutation
 l - a potion of berserk rage {unknown}
 n - 2 potions of curing
 p - 2 potions of lignification {unknown}
 q - a potion of degeneration {unknown}
 t - a potion of brilliance {unknown}


   Skills:
 + Level 4.1 Fighting
 * Level 5.8 Axes
 + Level 5.0 Armour
 + Level 5.0 Shields
 + Level 2.9 Invocations
 + Level 2.6 Evocations


You had 6 spell levels left.
You didn't know any spells.
Your spell library contained the following spells:

 Spells                   Type           Power        Failure   Level
 Confusing Touch          Hex            0%           100%        3
 Gell's Gravitas          Tloc           0%           100%        3
 Petrify                  Tmut/Erth      0%           100%        4
 Metabolic Englaciation   Hex/Ice        0%           100%        5
 Yara's Violent Unravell  Hex/Tmut       0%           100%        5


Dungeon Overview and Level Annotations

Branches:
Dungeon (5/15)             Temple (1/1) D:5

Altars:
Ashenzari
Cheibriados
Dithmenos
Elyvilon
Fedhas
Kikubaaqudgha
Makhleb
Nemelex Xobeh
Qazlal
Ru
Uskayaw
Vehumet
Xom
Yredelemnul
Zin
The Shining One

Annotations:
D:2 1 runed translucent door, Crazy Yiuf
D:5 Menkaure


Innate Abilities, Weirdness & Mutations

You are resistant to damage.
You can heal yourself by infusing magical energy.
You passively map a small area around you.
You do not regenerate.


Message History

You resist with significant effort.
You hit Menkaure but do no damage.
Menkaure is moderately damaged.
Menkaure gestures wildly while chanting.
Menkaure seems to speed up.
You hit Menkaure but do no damage.
Menkaure is moderately damaged.
Menkaure hits you.
Menkaure calls on the powers of darkness!
Your body is wracked with pain!
You hit Menkaure.
Menkaure is moderately damaged.
Menkaure giggles, "These cerements are ticklish..."
Menkaure calls on the powers of darkness!
Your body is wracked with pain!
* * * LOW HITPOINT WARNING * * *
You hit Menkaure.
Menkaure is heavily damaged.
Menkaure hits you!!
You die...

#.# #..........
#.# ######.#..<
###.# #.#.#.
....# #.#.#.
##### #.#... *
#### #.#... #.
,..# #.##.#
#.#** #M# * *
*#.##.#
#.#####@#####..,
......
#.#....!.......
* ..##.#
#.#.###=.......
.####.. #.#.#
######### . *
#.# ##### ##.#.#
, .. .>.. ....#
#....# *, * ,
##.. ###.#
#..#.# , *#. #.#
#.##.# * ,. #.#
#.##.# ..


You could see Menkaure (fast).

Vanquished Creatures
  Eustachio (D:5)
  2 ogres
  Blork the orc (D:5)
  A scorpion (D:4)
  2 orc wizards
  A bullfrog zombie (D:5)
  Jessica (D:2)
  Terence (D:2)
  An iguana (D:5)
  2 worker ants
  A hound skeleton (D:4)
  5 gnolls
  3 adders
  An ufetubus (D:5)
  An adder skeleton (D:5)
  A worm (D:5)
  4 dart slugs
  2 leopard geckos
  6 orcs
  4 giant cockroaches
  11 goblins
  5 hobgoblins
  3 jackals (D:1)
  4 kobolds
  3 quokkas
  10 bats
  6 frilled lizards
  A jackal skeleton (D:5)
  A leopard gecko skeleton (D:5)
  A quokka zombie (D:5)
  10 rats
96 creatures vanquished.

Notes
Turn   | Place    | Note
-------+----------+-------------------------------------------
     0 | D:1      | vvl the Deep Dwarf Fighter began the quest for the Orb.
     0 | D:1      | Reached XP level 1. HP: 20/20 MP: 1/1
   103 | D:1      | Reached XP level 2. HP: 21/27 MP: 2/2
   458 | D:1      | Reached XP level 3. HP: 19/33 MP: 3/3
   754 | D:2      | Noticed Terence
   766 | D:2      | Killed Terence
   775 | D:2      | Reached XP level 4. HP: 21/42 MP: 4/4
   968 | D:2      | Noticed Jessica
   974 | D:2      | Killed Jessica
  1028 | D:2      | Found a shadowy altar of Dithmenos.
  1089 | D:2      | Reached XP level 5. HP: 10/49 MP: 5/5
  1193 | D:2      | Found a runed translucent door.
  1194 | D:2      | Noticed Crazy Yiuf
  1721 | D:4      | Noticed an ogre
  1827 | D:4      | Found a burning altar of Makhleb.
  1855 | D:4      | Reached XP level 6. HP: 31/56 MP: 6/6
  1925 | D:4      | Found a hide-covered altar of Uskayaw.
  1981 | D:4      | Reached skill level 1 in Invocations
  1981 | D:4      | Reached skill level 1 in Evocations
  2065 | D:4      | Reached skill level 5 in Axes
  2333 | D:5      | Entered Level 5 of the Dungeon
  2373 | D:5      | Noticed Eustachio
  2386 | D:5      | Killed Eustachio
  2387 | D:5      | Reached XP level 7. HP: 33/63 MP: 7/7
  2451 | D:5      | Found a staircase to the Ecumenical Temple.
  2464 | Temple   | Entered the Ecumenical Temple
  2536 | Temple   | Became a worshipper of the Shining One
  2681 | D:5      | Noticed Blork the orc
  2688 | D:5      | Killed Blork the orc
  2694 | D:5      | Reached skill level 5 in Armour
  2694 | D:5      | Reached skill level 5 in Shields
  2812 | D:5      | Noticed Menkaure
  2819 | D:5      | Slain by Menkaure

Illustrated notes

Levels and vault maps discovered:
D:1:      lightli_arrival_windingriver, layout_basic, interstate_on_off
D:2:      layout_basic, grunt_dithmenos_smoke, uniq_jessica, uniq_terence,
          uniq_crazy_yiuf_cottage
D:3:      wander_river, layout_rooms, lemuel_round_altar, old_standard_altar,
          uniq_robin
D:4:      layout_cave_pods, lemuel_doored_altar, old_standard_altar, uniq_pikel
D:5:      layout_loops_ring, minmay_temple_entry_stoned_glass,
          gammafunk_ghost_split, uniq_blork_the_orc, uniq_eustachio,
          uniq_menkaure
Temple:   dshaligram_water_room_temple

Skill      XL: |  1  2  3  4  5  6  7 |
---------------+----------------------+-----
Axes           | 3 4 5 |  5.8
Fighting       | 3 4 |  4.1
Armour         | 4 5 |  5.0
Shields        | 4 5 |  5.0
Invocations    | 2 |  2.9
Evocations     | 2 |  2.6

Action                   |  1- 3 |  4- 6 |  7- 9 || total
-------------------------+-------+-------+-------++-------
Melee: War axe           |   107 |    42 |    53 ||   202
       Dagger            |       |   120 |     3 ||   123
 Abil: Heal Wounds       |       |     4 |     2 ||     6
Evoke: Wand              |       |       |     1 ||     1
  Use: Scroll            |       |     4 |       ||     4
Armor: Scale mail        |    61 |    55 |    24 ||   140
Dodge: Dodged            |    42 |    49 |    24 ||   115
Block: Kite shield       |    63 |    85 |    30 ||   178
